[Event "SUI-ch Bundesturnier TP-1 2022"]
[Site "Payerne"]
[Date "2022.05.28"]
[Round "5.1"]
[White "Bauer, Christian"]
[Black "Laurent-Paoli, Pierre"]
[Result "1-0"]
[ECO "D32"]
[WhiteElo "2596"]
[BlackElo "2486"]
[Annotator "TA"]
[PlyCount "241"]
[EventDate "2022.05.26"]
[EventType "swiss"]
[EventCountry "SUI"]
[SourceTitle "playchess.com"]
[Source "ChessBase"]
[SourceQuality "1"]
[TimeControl "5400+30"]

1. c4 e6 2. Nc3 d5 3. d4 a6 4. cxd5 exd5 5. Bf4 Nf6 6. Nf3 c5 7. e3 Nc6 8. Be2 Be7 9. O-O O-O 10. Rc1 Be6 11. dxc5 Bxc5 12. Na4 Ba7 13. Ne5 Nxe5 14. Bxe5 b5 15. Nc5 Bxc5 16. Rxc5 Nd7 17. Bc7 Qf6 18. Rc3 b4 19. Rc2 Bf5 20. Rd2 Nb6 21. b3 Rfc8 22. Bxb6 Qxb6 23. Rxd5 Be6 24. Rd6 Qa5 25. Bf3 Rab8 26. Qe2 Rb6 27. Rd4 Qe5 28. Qd2 Qb8 29. Rd1 g6 30. h4 h6 31. g3 a5 32. Bd5 Qe5 33. Bxe6 Qxe6 34. Rd8+ Rxd8 35. Qxd8+ Kg7 36. Rd4 Rb5 37. Qc7 Rf5 38. Kg2 Qf6 39. Qc2 h5 40. Qd2 Qc6+ 41. e4 Re5 42. Rc4 Qe6 43. Qd4 Kh7 44. Kg1 Qe8 45. Kg2 Re6 46. Qd3 Qe7 47. Qc2 Rd6 48. Rc7 Rd7 49. Rxd7 Qxd7 50. Qc5 Qe6 51. Qd5 Qe7 52. e5 Qa7 53. Kf3 Kg7 54. e6 fxe6 55. Qxe6 Qc5 56. Qd7+ Kh6 57. Kg2 Qe5 58. Qf7 Qe4+ $2 (58... Qc5 $16) 59. Qf3 $18 Qc2 60. Qe3+ Kh7 61. Qa7+ Kg8 62. Qxa5 Qe4+ {[%emt 0:00:16] [#]} 63. Kh2 $1 Qd4 64. Qa8+ Kg7 65. Kg2 Qc5 66. Qb7+ Kf6 67. Qe4 Kg7 68. Qe3 Qd5+ 69. Kh2 Qd6 70. Qa7+ Kf6 71. Qa8 Kg7 72. Qe4 Qc5 73. Kg2 Qd6 74. g4 hxg4 75. Qxg4 Qd5+ 76. Kg3 Qe5+ 77. Qf4 Qc3+ 78. Qe3 Qc7+ 79. f4 Kh6 $2 (79... Kf7 $16 80. Qe4 Qa5) 80. Qe5 $18 Qc3+ 81. Kg4 Qc8+ 82. f5 gxf5+ 83. Qxf5 Qc3 $2 (83... Qb7 84. Qh5+ Kg7 85. Qe5+ Kf7 86. Qf4+ Kg7) 84. h5 $18 Kg7 85. Qg6+ Kh8 86. Qe8+ Kh7 87. Qe4+ $2 (87. Qe7+ Kh8 88. Qe8+ Kg7 89. Qd7+ Kh6 90. Qf7 Qc8+ 91. Kf4 Qc1+ 92. Ke4 Qc6+ 93. Kd4 Qb6+ 94. Kc4 Qc6+ 95. Kxb4 Qd6+ 96. Kb5 Qe5+ 97. Kb6 Qe3+ 98. Ka5 Qc5+ 99. Ka4 Qc6+ 100. Kb4 Qb6+ 101. Kc4 Qc6+ 102. Kb4) 87... Kg7 $2 (87... Kh8 88. Qe8+ Kh7 89. Qd7+ Kh6) 88. Qe7+ $18 Kh6 89. Qe6+ Kg7 90. Qc4 (90. Qd7+ $142 Kh6 91. Qf7 Qc8+ 92. Qf5) 90... Kh6 91. Kf5 Qh3+ $2 (91... Kh7 92. Qf7+ Kh8 93. Qf8+ Kh7 94. Qf7+ Kh8 95. Qe8+ Kh7 96. Qe7+ Kg8) 92. Qg4 $18 Qd3+ 93. Ke5 Qc3+ $2 (93... Qe3+ $18 94. Kd5 Qd3+ 95. Kc5 Qe3+ 96. Kxb4 Qe1+ 97. Kc4 Qf1+ 98. Kd4 Qf6+ 99. Kd5 Qd8+ 100. Ke4 Qe7+ 101. Kd3 Qd6+ 102. Kc2 Qh2+ 103. Kc3 Qe5+ 104. Qd4 Qc7+ 105. Kb2 Qh2+ 106. Kc1 Qc7+ 107. Qc4 Qd6) 94. Kd5 (94. Kd6 $142 Kh7 95. Qg6+ Kh8 96. Qh6+ Kg8 97. Qg5+ Kf8 98. Qe7+ Kg8 99. Qg5+ Kf8 100. h6 Qd4+ 101. Kc6 Qc3+ 102. Kb6) 94... Kh7 95. Qe4+ Kg7 96. Qc4 (96. Qg6+ $142 Kf8 97. h6 Qd2+ 98. Kc6 (98. Ke6 Qe3+ 99. Kd5 Qe6+ 100. Kxe6 $11) 98... Qd7+ 99. Kc5 Qc8+ 100. Qc6 Qf5+ 101. Kb6) 96... Qe1 97. Qg4+ Kh8 98. Qd4+ Kg8 99. Kc5 (99. h6 $142 Qh1+ 100. Qe4 Qf1 101. Qg6+ Kf8 102. h7 Qb5+ 103. Kd4 Qd7+ 104. Ke4 Qb7+ 105. Ke3 Qe7+ 106. Kd3 Qd7+ 107. Ke4 Qb7+ 108. Ke3) 99... Qe7+ 100. Kb5 Qb7+ 101. Qb6 Qa8 102. Qg6+ Kh8 103. Qh6+ Kg8 104. Qe6+ Kh8 105. Kxb4 (105. Qf6+ $142 Kh7 106. h6 Qb8+ 107. Kc4 Qc8+ 108. Kxb4 Qb8+ 109. Kc4 Qg8+ 110. Kc5 Qc8+ 111. Qc6 Qf8+ 112. Kb6 Qf2+ 113. Kb7) 105... Qxa2 106. Qh6+ Kg8 107. Qg5+ Kf7 108. h6 Qf2 109. Qd5+ (109. h7 $142 Qd4+ 110. Kb5 Qd7+ 111. Kc4 Qc6+ 112. Kd4 Qb6+ 113. Kc3 Qc6+ 114. Kd4 Qb6+ 115. Qc5 Qf6+ 116. Qe5 Qh4+ 117. Kc5) 109... Kg6 $18 110. Qc6+ $2 (110. Qe6+ Kh7 111. Kb5) 110... Kh7 $18 111. Qe6 Qd4+ 112. Kb5 Qd3+ 113. Ka4 Qc2 114. Qc4 $2 (114. Ka5 {Black must now prevent Kb6.} Qa2+ 115. Kb6) 114... Qa2+ 115. Kb5 Kxh6 116. b4 Qf2 117. Qc6+ Kg7 118. Ka6 Kf7 $2 (118... Qe2+ $18 119. Ka7 Qf2+ 120. Kb7 Qa2) 119. b5 $2 (119. Qb7+ {mates} Ke8 120. Qb8+ Ke7 121. Qa7+ Qxa7+ 122. Kxa7 Kf7 123. b5 Kg8 124. b6) 119... Ke7 $2 (119... Qa2+ $18 120. Kb7 Qb2) 120. Qc7+ Ke8 121. Qb8+ 1-0

[Event "SUI-ch Bundesturnier TP-1 2022"]
[Site "Payerne"]
[Date "2022.05.28"]
[Round "5.2"]
[White "Pogan, Nikolas"]
[Black "Colmenares, Aurelio"]
[Result "0-1"]
[ECO "A12"]
[WhiteElo "2239"]
[BlackElo "2318"]
[Annotator "TA"]
[PlyCount "99"]
[EventDate "2022.05.26"]
[EventType "swiss"]
[EventCountry "SUI"]
[SourceTitle "playchess.com"]
[Source "ChessBase"]
[SourceQuality "1"]
[TimeControl "5400+30"]

1. Nf3 Nf6 2. g3 d5 3. Bg2 c6 4. b3 Bf5 5. Bb2 e6 6. d3 h6 7. Nbd2 Nbd7 8. c4 Be7 9. O-O O-O 10. a3 a5 11. cxd5 {[%emt 0:04:56] A12: English Opening: 1...c6 with b3 by White.} exd5 12. Nd4 Bh7 13. Bh3 {[%emt 0:00:11] Black is slightly better.} Re8 {[%emt 0:03:19] [#]} 14. Ra2 $146 ({Predecessor:} 14. Qc2 Bd6 15. Rfe1 Qb6 16. Nf5 Be5 17. Nf3 Bxb2 18. Qxb2 Bxf5 19. Bxf5 Re7 20. d4 {½-½ (104) Khusenkhojaev,M (2466)-Makhnev,D (2362) Almaty 2017}) 14... Bf8 15. Re1 Qb6 16. N4f3 Bc5 17. d4 Bd6 18. e3 Rad8 19. Bc3 Ne4 20. Nxe4 Bxe4 21. Nd2 Bg6 22. Qa1 Nf6 23. Qb2 Ra8 24. Rea1 (24. b4 $11) 24... Bd3 $15 25. b4 a4 26. Re1 Qb5 27. Qc1 Re7 28. Ba1 Rae8 29. Qd1 Qa6 {[%emt 0:03:16] Black is much more active.} 30. Bg2 Nd7 31. Bc3 Nb6 32. Ra1 Nc4 33. Nxc4 Bxc4 34. Qd2 h5 35. Rad1 (35. h4 $15) 35... Qa8 36. Bf3 ({Better is} 36. Rc1 $15) 36... h4 $17 37. gxh4 $2 {[%emt 0:02:26][%mdl 8192] This move loses the game for White.} (37. Bg4 $17 {is tougher.}) 37... Qc8 $19 38. Kg2 {[%emt 0:01:29] Against Qh3+} (38. Bg2 $142 Qg4 39. h5) 38... Re6 39. h5 {[%emt 0:00:22] Inhibits Rg6+.} Rf6 40. Be2 Bxe2 (40... Qf5 $142 41. f4 Bxe2 42. Qxe2 Bxf4) 41. Qxe2 Re4 {[%emt 0:00:17] [#] Hoping for ...Rg4+.} 42. h3 {[%emt 0:01:48] Against Rg4+} Rf5 {[%emt 0:00:44] ( -> ...Rg5+)} 43. Rh1 Rh4 44. Rdg1 Rg5+ (44... Rfxh5 $2 45. Kf1) 45. Kf1 Rxh3 $40 {[%emt 0:00:40][%mdl 128] White is in trouble.} (45... Rgxh5 46. Qf3) (45... Rhxh5 46. Rxg5 Rxg5 47. Bd2 $17) 46. Qc2 (46. Qd1 {might work better.}) 46... Rxh1 {[%emt 0:01:20] Black has a decisive advantage.} (46... Rgxh5 $2 47. Rxh3 Rxh3 48. Ke2 $19) (46... Rhxh5 $2 47. Rxh5 Rxh5 48. Ke1 $17) 47. Rxh1 Qg4 {[%emt 0:00:07] [#] Inhibits Rh4. White must now prevent ...Qg2+.} 48. Ke1 Qf3 ({Stronger than} 48... Rxh5 49. Rxh5 Qxh5 50. Qxa4 $11) 49. Rf1 Rg2 ({Avoid the trap} 49... Rxh5 $2 50. Qe2 Qf5 51. Kd2 $19) ({Worse is} 49... Qxh5 50. Qxa4 Qf3 51. Kd2 $15) 50. Bb2 {[%emt 0:01:03] Weighted Error Value: White=0.42/Black=0.31} 0-1

[Event "SUI-ch Bundesturnier TP-1 2022"]
[Site "Payerne"]
[Date "2022.05.28"]
[Round "5.3"]
[White "Loeffler, Markus"]
[Black "Collin, Moritz Valentin"]
[Result "0-1"]
[ECO "A07"]
[WhiteElo "2272"]
[BlackElo "2052"]
[Annotator "TA"]
[PlyCount "126"]
[EventDate "2022.05.26"]
[EventType "swiss"]
[EventCountry "SUI"]
[SourceTitle "playchess.com"]
[Source "ChessBase"]
[SourceQuality "1"]
[TimeControl "5400+30"]

1. Nf3 d5 2. g3 Nf6 3. Bg2 g6 4. O-O Bg7 5. c4 d4 6. b4 {[%emt 0:07:26] A07: Réti Opening: New York and Capablanca Systems.} c5 7. bxc5 {[%emt 0:01:04] [#]} Ne4 $146 ({Predecessor:} 7... O-O 8. e3 e5 9. Nxe5 dxe3 10. fxe3 Ng4 11. Nxg4 Bxa1 12. d4 Nc6 13. Nf6+ Kg7 {1-0 (28) Wallace,J (2387)-Tuomainen,F (2228) Stockholm 2016}) 8. Ba3 ({White should try} 8. Qa4+ $16 Nc6 9. Qa3) 8... d3 (8... Qa5 $14) 9. Nc3 $1 $16 Nxc3 10. dxc3 dxe2 11. Qxe2 Bxc3 12. Rab1 Nc6 13. Rfd1 Qa5 14. Rb3 (14. Bc1 $5 O-O 15. Bf4 $14) 14... Bf6 15. Qe3 O-O 16. h4 h5 (16... Bf5 $11) 17. Ng5 (17. Bb2 $1 $16) 17... Qc7 $11 18. Bd5 Bf5 19. Rd2 {[%emt 0:05:23] Against Bc2} (19. Ne4 $11 {remains equal.}) 19... e6 (19... Na5 $17 20. Rb5 a6) 20. Bg2 (20. Bxc6 $11 Qxc6 21. Rd6 Bxg5 22. hxg5) 20... Rfd8 ({Black should play} 20... Na5 $1 $15 21. Rb4 Rad8) 21. Rd6 Be7 {[%emt 0:02:17] [#]} 22. Ne4 (22. Be4 $1 $14) 22... Na5 $15 (22... Bxd6 $2 23. cxd6 Qa5 24. Nf6+ Kg7 25. Bb2 $18) 23. Rc3 Bxe4 (23... Bxd6 $2 24. cxd6 Rxd6 25. Bxd6 $18) 24. Bxe4 Rxd6 (24... Bxd6 $17 25. cxd6 Rxd6 26. Bxd6 Qxd6) 25. cxd6 $11 Bxd6 26. c5 (26. Bxg6 $11 {keeps the balance.} Bxa3 27. Rxa3 fxg6 28. Qxe6+ Kg7 29. Rxa5) 26... Be5 27. Rc2 Rd8 28. Qg5 Kg7 29. Kg2 Nc6 30. Bc1 Ne7 31. Kh2 (31. Rb2 $142 Rb8 32. Rc2) 31... Nf5 $17 32. c6 $2 (32. Bxf5 $17 exf5 33. Re2) 32... Bf6 $4 {[%emt 0:01:41][%mdl 8192] [#]} (32... f6 $19 33. cxb7 fxg5 34. Rxc7+ Bxc7 35. Bxg5 Rd4) 33. cxb7 $2 Qxc2 $1 {[%emt 0:00:40] Really sharp!} 34. Bxc2 (34. Qxf6+ $17 Kxf6 35. Bxc2) 34... Bxg5 $19 35. hxg5 $18 {[%emt 0:00:01][%mdl 4096] Endgame [#] KRN-KB} Nd6 $1 36. Bb2+ {[%emt 0:01:08] [#]} Kh7 $1 37. Bf6 Rg8 ({Weaker is} 37... Nxb7 38. Bxd8 Nxd8 39. Kh3 $17) 38. Be4 (38. Bd4 $142 Nxb7 39. Be4) 38... Nxe4 $19 39. Be5 Nxg5 {[%emt 0:01:27] ( -> ...Nf3+)} 40. b8=Q Rxb8 41. Bxb8 {[%emt 0:00:02] KB-KN} a6 42. Kg2 Ne4 43. Kf3 Nc3 44. a3 (44. Bf4 $142 Nxa2 45. Bd2) 44... g5 45. Ke3 Kg6 {[%emt 0:00:34] And now ...Kf5 would win.} 46. Kd3 Nd5 {[%emt 0:00:34] ...Kf5 is the strong threat.} 47. Kc4 Kf5 48. Kb3 e5 49. Kc4 Nb6+ 50. Kd3 h4 {[%emt 0:00:22] Hoping for ...h3.} 51. gxh4 gxh4 52. Ke2 Kf4 53. Kf1 Nc4 {[%emt 0:00:26] aiming for ...h3.} 54. a4 Kf3 {[%emt 0:00:09] Black mates.} 55. Bc7 f5 56. Kg1 f4 57. Bd8 h3 58. Bc7 e4 59. Kh2 Kg4 60. Bb8 e3 61. fxe3 fxe3 62. Bg3 e2 63. Be1 Ne5 {[%emt 0:00:19] Weighted Error Value: White=0.98/Black=0.40} 0-1

[Event "SUI-ch Bundesturnier TP-1 2022"]
[Site "Payerne"]
[Date "2022.05.28"]
[Round "5.4"]
[White "Joie, Sebastien"]
[Black "Kamber, Bruno"]
[Result "1/2-1/2"]
[ECO "A07"]
[WhiteElo "2376"]
[BlackElo "2225"]
[Annotator "TA"]
[PlyCount "75"]
[EventDate "2022.05.26"]
[EventType "swiss"]
[EventCountry "SUI"]
[SourceTitle "playchess.com"]
[Source "ChessBase"]
[SourceQuality "1"]
[TimeControl "5400+30"]

1. Nf3 d5 2. g3 Bg4 3. Ne5 Bf5 4. d4 Nd7 5. Bg2 Nxe5 (5... e6 {is interesting.} 6. c4 c6 7. O-O Ngf6) 6. dxe5 {[%emt 0:00:03] A07: Réti Opening: New York and Capablanca Systems.} c6 7. O-O h5 8. c4 {[%emt 0:03:52][%cal Rc4d5] White is slightly better.} e6 {[%emt 0:05:47] [#]} 9. cxd5 $146 ({Predecessor:} 9. Nc3 Be7 10. Qa4 Kf8 11. e4 dxe4 12. Rd1 Qc7 13. Qb3 g6 14. Nxe4 Bxe4 15. Bxe4 {0-1 (27) Gros,A (2029)-Daurelle,H (2189) Paris 2014}) 9... exd5 10. Nc3 d4 (10... h4 $14) 11. Ne4 $16 h4 12. Bg5 f6 {[%emt 0:03:06] [#]} 13. exf6 (13. Bxh4 Bxe4 14. Bxe4 g5 $14) 13... Nxf6 {[%emt 0:05:45] [#]} 14. Qb3 $1 h3 {[%emt 0:02:32] [#]} 15. Bf3 {[%emt 0:01:19][%cal Ob3b7] White is more active.} Qe7 16. Nxf6+ gxf6 17. Bf4 Qb4 18. Qxb4 Bxb4 19. Rfd1 O-O-O 20. Rac1 Be7 21. e3 dxe3 $1 22. fxe3 Rxd1+ (22... Be6 {seems wilder.} 23. Kf2 a6 24. a3 a5) 23. Rxd1 Bc5 24. Kf2 Rg8 25. a3 a5 26. Bd6 Bb6 27. Bf4 Bc5 28. g4 (28. Rc1 $14 {keeps the upper hand.} Be7 29. e4) 28... Bxg4 $17 29. Rg1 f5 30. Bxg4 fxg4 {[%emt 0:00:15][%mdl 4096] Endgame KRB-KRB} ({Much worse is} 30... Rxg4 31. Rxg4 fxg4 32. Kg3 $14) 31. Rc1 Be7 32. Kg3 {[%emt 0:00:09] Inhibits Bh4+.} Kd7 33. a4 Ke6 34. Rc4 Bb4 35. Re4+ Kf6 (35... Kf7 $17 36. Kh4 b5) 36. Kf2 $11 {[%emt 0:00:10] Against Be1+} Rd8 {[%emt 0:00:34] ...Rd2+ is the strong threat.} 37. Kg3 Rg8 (37... b5 $5 ) 38. Kf2 $1 {[%emt 0:00:04] Against Be1+.  Weighted Error Value: White=0.13 (very precise) /Black=0.10 (very precise)} 1/2-1/2

[Event "SUI-ch Bundesturnier TP-1 2022"]
[Site "Payerne"]
[Date "2022.05.28"]
[Round "5.5"]
[White "Gschnitzer, Adrian"]
[Black "Schlegel, Igor"]
[Result "0-1"]
[ECO "B94"]
[WhiteElo "2441"]
[BlackElo "2183"]
[Annotator "TA"]
[PlyCount "54"]
[EventDate "2022.05.26"]
[EventType "swiss"]
[EventCountry "SUI"]
[SourceTitle "playchess.com"]
[Source "ChessBase"]
[SourceQuality "1"]
[TimeControl "5400+30"]

1. e4 c5 2. Nf3 d6 3. d4 cxd4 4. Nxd4 Nf6 5. Nc3 a6 6. Bg5 Nbd7 7. Qe2 {[%emt 0:00:58] 7.Qe2 is the modern continuation. B94: Sicilian Najdorf: 6 Bg5 Nbd7.} h6 8. Bh4 g6 9. f4 {[%emt 0:00:26] Threatening e5. The position is equal.} e5 10. fxe5 dxe5 {[%emt 0:00:06] [#] Hoping for ...g5.} 11. O-O-O $1 Qc7 (11... exd4 12. e5 Bc5 13. exf6+ Kf8 14. Ne4 $16) 12. Nb3 b5 13. Rxd7 Nxd7 14. Nd5 Qb8 15. Na5 {[%emt 0:00:23] Pair of Knights!} Bg7 16. Qf3 Bb7 17. Qa3 Bf8 {[%emt 0:01:07] Inhibits Qe7+.} 18. Qd3 {[%emt 0:00:23] [#] And now Nf6+ would win.} Bc5 $146 ({Predecessor:} 18... Bg7 19. Be2 Ra7 20. Rd1 Ba8 21. Bg4 Kf8 22. Bf2 Nf6 23. Qa3+ {½-½ (25) Poetsch,H (2522)-Vrolijk,L (2467) Groningen 2019}) 19. Be2 {[%emt 0:08:35] Black must now prevent Bg4.} O-O 20. Ne7+ (20. Nxb7 $11 Qxb7 21. b4) 20... Bxe7 $15 21. Bxe7 {[%emt 0:00:03] [#]} Rc8 $1 {[%emt 0:10:24] Threatens to win with ...Nc5.} 22. Qxd7 (22. Bg4 Nc5) 22... Bxe4 23. Bd1 Qb6 ({Black should play} 23... Ra7 $17 24. Qd6 Rac7) 24. Qd2 (24. Nb3 $1 $11 {and White stays safe.}) 24... Qe6 $2 (24... Ra7 $19 25. Bb4 Bxc2 26. Bxc2 Rac7) 25. Qb4 {[%emt 0:00:31] [#]} (25. Re1 $15) 25... Qf5 $1 $19 ({Worse is} 25... Bxg2 26. Rg1 Ra7 27. Bc5 $17) ({Stronger than} 25... f5 26. Qd6 Qxd6 27. Bxd6 $11) 26. Qb3 {[%emt 0:05:32] [#]} (26. Kb1 Bxc2+ 27. Ka1 Bxd1 28. Rxd1) 26... Rxc2+ $3 {[%emt 0:00:26][%mdl 576] Clearance} 27. Bxc2 Rc8 {[%emt 0:00:01] Weighted Error Value: White=0.52/Black=0.20 (precise)} 0-1

[Event "SUI-ch Bundesturnier TP-1 2022"]
[Site "Payerne"]
[Date "2022.05.28"]
[Round "5.6"]
[White "Hagner, Bennet"]
[Black "Willems, Niels"]
[Result "0-1"]
[ECO "B12"]
[WhiteElo "2186"]
[BlackElo "2338"]
[Annotator "TA"]
[PlyCount "54"]
[EventDate "2022.05.26"]
[EventType "swiss"]
[EventCountry "SUI"]
[SourceTitle "playchess.com"]
[Source "ChessBase"]
[SourceQuality "1"]
[TimeControl "5400+30"]

1. e4 c6 2. d4 d5 3. e5 Bf5 4. Nf3 e6 5. Be2 Nd7 6. O-O h6 7. a4 {[%emt 0:00:10] Recently 7.c3 got a lot of attention. B12: Caro-Kann: Advance Variation.} Ne7 8. a5 a6 9. b4 {[%emt 0:00:14] Against c5. White is slightly better.} g5 10. Ne1 Qc7 {[%emt 0:01:52] [#]} 11. Bh5 $146 ({Predecessor:} 11. Bd3 Bg7 12. c3 O-O-O 13. f4 f6 14. Bxf5 Nxf5 15. Nd3 h5 16. Qe2 fxe5 17. fxe5 {1-0 (44) Gonzalez Vidal,Y (2518)-McKennis,D (1735) Tornelo INT 2021}) 11... Bg6 12. f4 Bg7 (12... O-O-O $14 {might be stronger.}) 13. Nd3 $16 (13. fxg5 $6 Nxe5 14. dxe5 Bxe5 $11) 13... O-O-O 14. Bxg6 (14. fxg5 $6 Bxd3 15. Rxf7 (15. cxd3 Nf5 $17) (15. Qxd3 Nxe5 16. dxe5 Bxe5 $11) 15... Bxe5 16. dxe5 Qxe5 $14) 14... Nxg6 15. f5 (15. fxg5 $6 hxg5 16. g3 (16. Rxf7 Ngxe5 17. Rxg7 Nxd3 $17) (16. Bxg5 f6 $15) 16... f6 $11) ({Better is} 15. Qh5 $16) 15... exf5 $11 16. Rxf5 f6 17. exf6 (17. e6 Ndf8) 17... Nxf6 18. Nc5 Rde8 19. Nc3 {[%emt 0:02:35] [#]} (19. c3 $15) 19... Rhf8 ({Black should play} 19... h5 $1 $19 {Threatens to win with ...Ng4.} 20. g3 Ng4 21. Bxg5 Rhf8 22. Rxf8 Rxf8) 20. b5 $15 cxb5 (20... axb5 $2 21. a6 bxa6 22. Rxa6 $18) 21. Nxb5 Qe7 (21... axb5 22. a6 Qe7 23. axb7+ Kc7 24. b8=R Kxb8 25. Qd3 Qe1+ 26. Rf1 $16) 22. Qd3 (22. Na7+ $1 $11 {was the only way to keep the balance.} Kb8 {[#]} 23. Rb1 $1) 22... Ng4 ({Of course not} 22... axb5 $6 23. a6 bxa6 24. Rxa6 Qe1+ 25. Rf1 $11) (22... Ne4 $17 23. Rxf8 (23. Nxe4 axb5 24. Ng3 Qe1+ 25. Rf1 Rxf1+ 26. Nxf1 Re4 $17) 23... Bxf8 24. Nxe4 Qxe4 25. Qxe4 (25. Qc3+ $2 Kb8 $19) 25... Rxe4) 23. Bd2 $2 {[%emt 0:04:35][%mdl 8192] This move loses the game for White.} axb5 $19 {[%emt 0:01:16] Chess con chili.} 24. a6 bxa6 ({And not} 24... Bxd4+ 25. Qxd4 Rxf5 26. axb7+ (26. a7 Kc7 $11) 26... Kc7 27. Ba5+ Kd6 28. Bd2 $11) 25. Rxf8 Qxf8 {[%emt 0:01:27] Black is clearly winning.} (25... Rxf8 $2 26. Rxa6 Qf7 27. Ra8+ Kc7 28. Ra7+ Kc8 29. Rxf7 Rxf7 30. h3 $18) 26. Nxa6 (26. Rf1 $142 Nf4 27. Bxf4 gxf4 28. Nxa6) 26... Qf2+ 27. Kh1 {[%emt 0:00:01] Threatening mate with Qc3+.} Bxd4 {[%emt 0:00:36] Weighted Error Value: White=0.64/Black=0.15 (very precise)} ({Inferior is} 27... Qxd4 28. Qf5+ Kd8 29. Ba5+ Ke7 30. Re1+ N6e5 31. Bb4+ Kd8 32. Ba5+ Ke7 33. Bb4+ Kd8 34. Ba5+ Ke7 $11) 0-1

[Event "SUI-ch Bundesturnier TP-1 2022"]
[Site "Payerne"]
[Date "2022.05.28"]
[Round "5.7"]
[White "Asllani, Dorian"]
[Black "Stijve, Theo"]
[Result "1/2-1/2"]
[ECO "A57"]
[WhiteElo "2116"]
[BlackElo "2341"]
[Annotator "TA"]
[PlyCount "78"]
[EventDate "2022.05.26"]
[EventType "swiss"]
[EventCountry "SUI"]
[SourceTitle "playchess.com"]
[Source "ChessBase"]
[SourceQuality "1"]
[TimeControl "5400+30"]

1. d4 Nf6 2. c4 c5 3. d5 b5 4. cxb5 a6 5. e3 e6 6. Nc3 exd5 7. Nxd5 Bb7 8. Nxf6+ Qxf6 9. Nf3 Be7 10. Be2 {[%emt 0:02:27] A57: Benko/Volga Gambit.} axb5 11. Bxb5 O-O 12. O-O {[%emt 0:01:10] White is slightly better.} Rd8 13. e4 Bxe4 14. Bg5 {[%emt 0:01:01] [#]} Qe6 $146 ({Better is} 14... Qxb2 $11 15. Bxe7 Re8) ({Predecessor:} 14... Qxb2 15. Bxe7 Re8 16. Bxd7 Rxe7 17. Bf5 Bc6 18. Qd6 Qf6 19. Qxf6 gxf6 20. Nd2 Re5 {½-½ (42) Rizzardi,J (2391)-Dos Santos,M (2420) ICCF email 2006}) 15. Re1 {[%emt 0:00:21][%cal Ob5c4] Strongly threatening Bc4!} d5 {[%emt 0:01:49] Prevents Bc4.} 16. Bxe7 (16. a4 {looks sharper.} Bf6 17. b4 cxb4 18. Nd4) 16... Qxe7 {[%emt 0:02:42] [#]} 17. Nd2 $1 Qb7 $1 18. Qe2 ({White should play} 18. a4 $14 Nc6 19. Qc1 (19. Nxe4 dxe4 20. Qb1 Nd4 $14)) 18... Nc6 $1 $11 {[%emt 0:09:03] ...Nd4 is the strong threat. The position is equal.} 19. Bxc6 Qxc6 20. Nxe4 dxe4 21. Qxe4 Qxe4 22. Rxe4 Rxa2 {[%emt 0:00:10][%mdl 4096] Endgame KRR-KRR} 23. Rae1 {[%emt 0:00:04] [#] Re8+ would kill now.} g6 24. Rc4 Rd5 25. Rc2 h5 26. g3 g5 27. Rce2 Ra5 28. Re4 Rb5 29. R1e2 Kg7 30. Kg2 Kg6 31. Re5 c4 32. R5e4 Rb4 33. Rc2 Rc5 34. b3 cxb3 35. Rxc5 Rxe4 36. Rb5 {[%emt 0:00:04] Against Rb4} h4 37. Rxb3 f5 38. Rb6+ Kh5 39. Rf6 Re5 {[%emt 0:00:17] Weighted Error Value: White=0.03 (flawless) /Black=0.03 (flawless)} 1/2-1/2

[Event "SUI-ch Bundesturnier TP-1 2022"]
[Site "Payerne"]
[Date "2022.05.28"]
[Round "5.8"]
[White "Sutter, Oliver"]
[Black "Perreard, Nicolas"]
[Result "1-0"]
[ECO "D36"]
[WhiteElo "2316"]
[BlackElo "2071"]
[Annotator "TA"]
[PlyCount "73"]
[EventDate "2022.05.26"]
[EventType "swiss"]
[EventCountry "SUI"]
[SourceTitle "playchess.com"]
[Source "ChessBase"]
[SourceQuality "1"]
[TimeControl "5400+30"]

1. c4 e6 2. d4 Nf6 3. Nc3 d5 4. Bg5 Be7 5. e3 h6 6. Bh4 O-O 7. Nf3 a6 8. cxd5 exd5 9. Bd3 c6 10. Qc2 Nbd7 11. O-O {[%emt 0:01:44] D36: Queen's Gambit Declined: Exchange Variation: Main line (5 Bg5 c6 6 Qc2).} g5 12. Bg3 Nh5 {[%emt 0:00:13] [#]} 13. Rfe1 $146 {[%emt 0:18:59] White is slightly better.} ({Predecessor:} 13. Be5 f6 14. Bh7+ Kh8 15. Qg6 fxe5 16. Qxh6 Ndf6 17. Bg6+ Kg8 18. dxe5 Qd7 19. exf6 Nxf6 20. Nxg5 {1-0 (38) Damous,F (2112)-Sousa,A (1813) Sao Luis 2016}) 13... Ng7 (13... Nxg3 $11 14. hxg3 Nf6) 14. e4 dxe4 15. Nxe4 Nb6 16. Nc5 Ne6 (16... Nd5 $16 {was worth a try.}) 17. Be5 (17. Nxe6 $18 {is more deadly.} Bxe6 18. Bxa6 $1) 17... Bf6 $16 18. Rad1 {[%emt 0:03:37] 0x0.0012591b6f6bdp-1022s more active pieces. The black rooks are badly placed.} Nd5 19. Be4 Bg7 $2 (19... Re8 $16 {keeps fighting.}) 20. Qb3 $2 (20. Bh7+ $18 Kh8 21. Nxe6 Bxe6 22. Bxg7+ Kxg7 23. Rxe6 $1 ) 20... Bxe5 21. Nxe5 Qc7 (21... Ra7 $16) 22. Bxd5 cxd5 23. Nxe6 ({Better is} 23. Qxd5 $18 {And now Qf3 would win.} Rd8 24. Nxe6 Bxe6 25. Qf3) 23... Bxe6 $14 24. Rc1 Qa5 25. Nd3 (25. Re2 $16) 25... Rac8 26. Nc5 (26. Qxb7 $5 Rxc1 27. Rxc1 $11) 26... b6 27. Nxe6 Rxc1 (27... Rfe8 {is interesting.} 28. Qe3 Rxc1 29. Qxc1 Rxe6 30. Qc8+ Kg7) 28. Rxc1 fxe6 $11 {[%emt 0:00:04][%mdl 12288] Endgame KQR-KQR} (28... Re8 $1 $11 {and Black is okay.}) 29. Qe3 $18 (29. Qh3 Rf6 30. Qe3 Qb5 31. Rc8+ Kh7 32. Rc7+ Kg8 $18) 29... Rf6 (29... e5 $142 30. Qxe5 Qd2 31. Qxd5+ Kh8 32. Qe5+ Kg8 33. Qe6+ Kh8 34. Qxh6+ Kg8 35. Qe6+ Kh8 36. Qe5+ Kg8) 30. Rc8+ Kg7 31. Rc7+ ({Worse is} 31. Qe5 Qxa2 32. g4 Qb1+ 33. Kg2 Qe4+ 34. Qxe4 dxe4 $11) 31... Kg8 32. h4 Qa4 33. Qe5 Qd1+ 34. Kh2 Rf7 35. Qxe6 (35. Rc8+ $142 Kh7 36. Rh8+ Kg6 37. Rg8+ Rg7 38. Rxg7+ Kh5 {[#]} 39. Rxg5+ $1 hxg5 40. Qxg5#) 35... Qh5 36. Qe8+ Kg7 37. Qxf7+ {[%emt 0:00:34] Weighted Error Value: White=0.34/Black=0.89} (37. Rxf7+ $142 Qxf7 38. Qxf7+ Kxf7 39. hxg5 hxg5 40. Kg3) 1-0